 Dungeon Crawl Stone Soup version 0.31-a0-795-g5eb97db20b (webtiles) character file.

Game seed: 15774195160145601955

74 cforsyth the Sneak (level 4, 0/37 HPs)
             Began as a Djinni Delver on Sept 18, 2023.
             Slain by an orc
             ... wielding a +0 flail
              (8 damage)
             ... on level 5 of the Dungeon.
             The game lasted 00:01:03 (565 turns).

cforsyth the Sneak (Djinni Delver)                   Turns: 565, Time: 00:01:03

Health: 0/37       AC:  3    Str: 11    XL:     4   Next: 54%
Gold:   59         EV: 12    Int: 13    God:
                   SH:  0    Dex: 15

rFire   + + .        a - +0 falchion
rCold   x . .        (no shield)
rNeg    . . .        b - +0 leather armour
rPois   ∞            (no helmet)
rElec   .            (no cloak)
rCorr   .            (no gloves)
SInv    .            (boots unavailable)
Will    .....        (no amulet)
Stlth   ++           (no ring)
HPRegen 0.26/turn    (no ring)
MPRegen 0.00/turn

%: infuse magic (-1 HP)
@: flying
A: sickness immunity, fire resistance 2, cold vulnerability 1, float, innate
caster, HP casting, extra vitality 1
a: no special abilities


You were on level 5 of the Dungeon.
You visited 1 branch of the dungeon, and saw 1 of its levels.

You collected 59 gold pieces.

Inventory:

Hand Weapons
 a - a +0 falchion (weapon)
Armour
 b - a +0 leather armour (worn)
Wands
 g - a wand of digging (3)
Scrolls
 c - a scroll of fog
 d - a scroll of revelation
 h - a scroll of teleportation {unknown}
 i - a scroll of identify {unknown}
Potions
 f - a potion of haste
 j - a potion of lignification {unknown}


   Skills:
 + Level 4.1 Fighting
 - Level 1.7 Long Blades
 - Level 2.1 Dodging
 - Level 4.1 Stealth
 + Level 1.8 Spellcasting
 + Level 1.8 Conjurations
 + Level 1.8 Hexes
   Level 0.0 Charms
 + Level 1.8 Summonings
 + Level 1.8 Necromancy
 + Level 1.8 Translocations
 + Level 1.8 Transmutations
 + Level 1.8 Fire Magic
 + Level 1.8 Ice Magic
 + Level 1.8 Air Magic
 + Level 1.8 Earth Magic
 + Level 1.8 Poison Magic


You knew the following spells:

 Your Spells              Type           Power      Damage    Failure   Level
a - Shock                 Conj/Air       20%        1d4       16%         1
Your spell library was empty.

Dungeon Overview and Level Annotations

Branches:
Dungeon (5/15)
 Temple: D:4-7

Altars:
Elyvilon
Fedhas


Innate Abilities, Weirdness & Mutations

You are immune to sickness and miasma.
You are immune to poison.
Your flesh is very heat resistant. (rF++)
You are vulnerable to cold. (rC-)
You float through the air rather than walking.
You learn spells naturally, not from books.
Your magical power is your life essence.
You have superior vitality. (+4 MHP)


Message History

The orc wizard is lightly wounded.
The orc wizard hits you with a +0 dagger.
The orc wizard hits you but does no damage.
You hit the orc wizard.
The orc wizard is moderately wounded.
The orc wizard closely misses you.
You closely miss the orc wizard.
The orc wizard is moderately wounded.
The orc wizard barely misses you.
You hit the orc wizard but do no damage.
The orc wizard is moderately wounded.
The orc wizard hits you with a +0 dagger.
You slash the orc wizard!
The orc wizard is severely wounded.
The orc wizard closely misses you.
You closely miss the orc wizard.
The orc wizard is severely wounded.
The orc wizard hits you with a +0 dagger.
The orc wizard gestures wildly while chanting.
The orc wizard flickers and vanishes!
Deactivating autopickup; reactivate with Ctrl-A.
You miss something. Something hits you but does no damage.
You barely miss something. Something hits you but does no damage.
You miss something. Something hits you.
You barely miss something. Something hits you.
* * * LOW HITPOINT WARNING * * *
You miss something. Something hits you.
* * * LOW HITPOINT WARNING * * *
Something hits you but does no damage.
You completely miss something. Something hits you but does no damage.
You hit something. Something hits you but does no damage.
You hit something but do no damage. Something hits you.
* * * LOW HITPOINT WARNING * * *
You hit something but do no damage. Something hits you but does no damage.
You hit something.
Reactivating autopickup.
You feel a bit more experienced. The orc misses you.
Your Fighting skill increases to level 4!
You closely miss the orc. The orc hits you with a +0 flail!
You die...

...>............).÷.
###.##.##.#####.####
#.#...........# #
#.#####.####### #.
#.# #.# ..#
###########
#oo@....############
#.#####............#
# #............'
#............#
#............#
#............#
#............#
#............#
#.#########.##


You could see 2 orcs.

Vanquished Creatures
  A hound (D:5)
  An orc wizard (D:5)
  An adder (D:5)
  A shadow imp (D:5)
  A dart slug (D:5)
  An orc (D:5)
6 creatures vanquished.

Notes
Turn   | Place    | Note
-------+----------+-------------------------------------------
     0 | D:5      | cforsyth the Djinni Delver began the quest for the Orb.
     0 | D:5      | Reached XP level 1. HP: 20/20 MP: 0/0
     9 | D:5      | Noticed a hound
    14 | D:5      | Killed a hound
    15 | D:5      | Reached skill level 1 in Spellcasting
    15 | D:5      | Reached skill level 1 in Conjurations
    15 | D:5      | Reached skill level 1 in Hexes
    15 | D:5      | Reached skill level 1 in Summonings
    15 | D:5      | Reached skill level 1 in Necromancy
    15 | D:5      | Reached skill level 1 in Translocations
    15 | D:5      | Reached skill level 1 in Transmutations
    15 | D:5      | Reached skill level 1 in Fire Magic
    15 | D:5      | Reached skill level 1 in Ice Magic
    15 | D:5      | Reached skill level 1 in Air Magic
    15 | D:5      | Reached skill level 1 in Earth Magic
    15 | D:5      | Reached skill level 1 in Poison Magic
    15 | D:5      | Reached XP level 2. HP: 23/25 MP: 0/0
    15 | D:5      | Reached XP level 3. HP: 27/30 MP: 0/0
    15 | D:5      | Learned a level 1 spell: Shock
   189 | D:5      | Found a white marble altar of Elyvilon.
   257 | D:5      | Noticed Blork the orc
   354 | D:5      | Found a blossoming altar of Fedhas.
   539 | D:5      | Reached XP level 4. HP: 30/37 MP: 0/0
   565 | D:5      | Slain by an orc

Illustrated notes

Levels and vault maps discovered:
D:5:      layout_basic, kennysheep_little_box, mainiacjoe_overflow_tiny_flanked,
          fedhas_altar_2, uniq_blork_the_orc

Skill      XL: |  1  2  3  4 |
---------------+-------------+-----
Spellcasting   | 1 |  1.8
Conjurations   | 1 |  1.8
Hexes          | 1 |  1.8
Summonings     | 1 |  1.8
Necromancy     | 1 |  1.8
Translocations | 1 |  1.8
Transmutations | 1 |  1.8
Fire Magic     | 1 |  1.8
Ice Magic      | 1 |  1.8
Air Magic      | 1 |  1.8
Earth Magic    | 1 |  1.8
Poison Magic   | 1 |  1.8
Fighting       | 4 |  4.1
Long Blades    | |  1.7
Dodging        | |  2.1
Stealth        | |  4.1

Action                     |  1- 3 |  4- 6 || total
---------------------------+-------+-------++-------
  Melee: Falchion          |    30 |    23 ||    53
    Use: Scroll            |     1 |       ||     1
 Armour: Leather armour    |    19 |    22 ||    41
  Dodge: Dodged            |    17 |     7 ||    24

Table legend: (Time is in decaauts)
 A = Elapsed time spent in this place.
 B = Non-inter-level travel time spent in this place.
 C = Inter-level travel time spent in this place.
 D = Time resting spent in this place.
 E = Time spent auto-exploring this place.
 F = Levels seen in this place.
 G = Mean time per level.
                   A        B        C        D        E       F      G
               +--------+--------+--------+--------+--------+-----+--------+
         Total |    576 |    576 |      0 |     98 |    298 |   1 |  576.0 |
       Dungeon |    576 |    576 |      0 |     98 |    298 |   1 |  576.0 |
               +--------+--------+--------+--------+--------+-----+--------+

Top non-repeatable levels by time:
     D:5: 576 daAuts
